cohdb
Replays
Latest Replays
All Replays
Popular Replays
Top Player Replays
Match Explorer
How It Works
Community
CoH3 Stats
Reddit
Sign in to upload your games and track your stats! →
Sign in with Steam
Match 42746549
Unlisted
Match 42746549
Overview
Messages
Build Orders
End
Selects Airborne Battlegroup
Selects Pathfinders
Construct Barracks
Pathfinder Squad
1⁄4-ton 4x4 Truck
Riflemen Squad
M1 Mortar Team
Riflemen Squad
Infantry Support Center
Construct Medical Station
Construct Motor Pool
Grenade Package
Selects Paratrooper Squad Paradrop
M8 Greyhound Armored Car
Selects Anti-tank Gun Team Paradrop
Selects Recon Loiter
Anti-tank Gun Team Paradrop
Engineer Squad
Recon Loiter
Paratrooper Squad Paradrop
Construct Tank Depot
M18 Hellcat Tank Destroyer
Selects Supply Drop
Selects Carpet Bombing Run
Supply Drop
Recon Loiter
M4A1 Sherman Medium Tank
Recon Loiter
Carpet Bombing Run
M18 Hellcat Tank Destroyer
Survival Training
Recon Loiter
Recon Loiter
M18 Hellcat Tank Destroyer
Recon Loiter
Carpet Bombing Run
Zo͞olo͞oKōbrə
Havoc
HulkSMASH
⚓️Ruby⚓
0
0
Comments
sign in to comment!
No comments posted yet!